[Event "*** Titled Tuesday Blitz"]
[Site "Chess.com"]
[Date "2021.03.02"]
[Round "9"]
[White "chigorin28"]
[Black "Sven_Tica"]
[Result "1-0"]
[WhiteElo "2527"]
[BlackElo "2663"]
[TimeControl "180+1"]
[EndTime "11:46:31 PST"]
[Termination "chigorin28 won by resignation"]

1. d4 d5 2. c4 e6 3. Nc3 Nf6 4. Nf3 Nbd7 5. cxd5 exd5 6. Bg5 c6 7. e3 Bd6 8. Bd3 Nf8 9. O-O Ng6 10. e4 Bf4 11.
exd5 Bxg5 12. Nxg5 Nxd5 13. Re1+ Kf8 14. Nge4 Ndf4 15.
Bc4 h6 16. Qb3 Qc7 17. d5 b5 18. Bf1 cxd5 19. Nxd5 Nxd5 20. Qxd5 Rb8 21. Rac1 Qb6 22.
Rc6 Qa5 23. b4 Ne7 24. Qd6 1-0

[Event "*** Titled Tuesday Blitz"]
[Site "Chess.com"]
[Date "2021.03.02"]
[Round "9"]
[White "Mazanchenko_Dmitry"]
[Black "zverr1"]
[Result "0-1"]
[WhiteElo "2106"]
[BlackElo "2440"]
[TimeControl "180+1"]
[EndTime "11:46:31 PST"]
[Termination "zverr1 won by resignation"]

1. e4 d5 2. exd5 c6 3. d4 cxd5 4. c4 Nc6 5. Nc3 dxc4 6. d5 Ne5 7. Bxc4 Nxc4 8. Qa4+ Bd7 9. Qxc4 Rc8 10. Qd3 Nf6 11. Bg5 e6 12. O-O-O Be7 13. d6 Bf8 14.
Qd4 Qa5 15. Bxf6 gxf6 16. Qxf6 Qxa2 17. Qxh8 Qa1+ 18. Kd2 Qxb2+ 19. Ke1 Rxc3 20. Ne2 Rc2 21. Qxb2 Rxb2 22. Nf4 a5 23. Nd3 Rc2 24. Rc1 Rxc1+ 25. Nxc1 Bxd6 26. Kd2 Bb4+ 27. Kc2 Bc6 28. f3 a4 29. Na2 Bc5 30. Rb1 Bd5 31. Nc3 Bb3+ 32. Kb2 Bd4 33. Rc1 b5 34. Ka3 Bc5+ 35. Kb2 Be3 36.
Re1 Bd4 37. Re4 e5 38. f4 b4 39. fxe5 Bxc3+ 40. Kb1 a3 0-1

[Event "*** Titled Tuesday Blitz"]
[Site "Chess.com"]
[Date "2021.03.02"]
[Round "9"]
[White "AliKa2810"]
[Black "Leo_C"]
[Result "1/2-1/2"]
[WhiteElo "2556"]
[BlackElo "2449"]
[TimeControl "180+1"]
[EndTime "11:46:33 PST"]
[Termination "Game drawn by repetition"]

1. Nf3 d5 2. g3 Bg4 3. Bg2 Nd7 4. O-O e6 5. h3 Bh5 6. d4 Ngf6 7. c4 c6 8. Nc3 Bd6 9. cxd5 exd5 10. Nh4 O-O 11.
f4 Bg6 12. Qe1 Qc7 13. Be3 Rfe8 14. Bf2 Be4 15. Nxe4 Nxe4 16. Nf5 Nxf2 17. Qxf2 g6 18. Nxd6 Qxd6 19. f5 Re7 20. g4 Rae8 21. Rae1 g5 22.
e3 Nf6 23. Kh1 Ne4 24. Bxe4 Rxe4 25. f6 R8e6 26. Kg2 h6 27. Re2 Qd7 28. Qf3 Rd6 29.
Ref2 Rde6 30. Re2 Rd6 31. Ref2 Rde6 32. Re2 1/2-1/2

[Event "*** Titled Tuesday Blitz"]
[Site "Chess.com"]
[Date "2021.03.02"]
[Round "9"]
[White "Darius321"]
[Black "gatocorbis"]
[Result "0-1"]
[WhiteElo "2287"]
[BlackElo "2099"]
[TimeControl "180+1"]
[EndTime "11:46:33 PST"]
[Termination "gatocorbis won by checkmate"]

1. e4 c5 2. Nf3 d6 3. Bb5+ Bd7 4. Bxd7+ Qxd7 5. O-O Nc6 6. Re1 g6 7. c3 Bg7 8. d4 Nf6 9. h3 O-O 10. Bg5 h6 11. Bxf6 Bxf6 12. dxc5 Rad8 13. cxd6 exd6 14. Na3 Kg7 15. Nc2 Ne5 16. Ne3 Qb5 17. Nd5 Qxb2 18. Rb1 Qxa2 19. Rxb7 Qa6 20. Qb3 Nxf3+ 21. gxf3 Qd3 22.
Kg2 Qd2 23. Re3 Bh4 24. Qb2 Qxb2 25. Rxb2 Rb8 26. Ra2 Rb7 27. Ra6 Rfb8 28. Rxd6 Rb2 29. Re1 Rxf2+ 30. Kh1 Rbb2 31. Nf4 Rh2+ 32. Kg1 Bxe1 33.
Rd1 Bxc3 34. Kf1 Rbf2+ 35. Kg1 Rb2 36. Kf1 Rh1# 0-1

[Event "*** Titled Tuesday Blitz"]
[Site "Chess.com"]
[Date "2021.03.02"]
[Round "9"]
[White "KerryStead"]
[Black "masrahi"]
[Result "1-0"]
[WhiteElo "2030"]
[BlackElo "2205"]
[TimeControl "180+1"]
[EndTime "11:46:33 PST"]
[Termination "KerryStead won by resignation"]

1. d4 d5 2. e4 dxe4 3. Nc3 Nf6 4. f3 e3 5. Bxe3 Bf5 6. Qd2 e6 7. O-O-O h5 8. Nge2 c6 9. Ng3 Bg6 10. Nge4 Nbd7 11. Bd3 Nd5 12. Nxd5 cxd5 13. Nc3 Bxd3 14. Qxd3 Qb6 15. Qb5 Bb4 16. Qxb6 Nxb6 17. Ne2 Nc4 18. Bf4 Rc8 19. c3 Be7 20. h4 O-O 21. Kb1 b5 22. b3 Nb6 23. Kb2 a5 24. Ng3 g6 25.
Rhe1 b4 26. cxb4 Bxb4 27. Re2 Rc6 28. Rc1 Rfc8 29. Rxc6 Rxc6 30. Rc2 Rxc2+ 31. Kxc2 Be1 32. Kd1 Bxg3 33. Bxg3 a4 34. Kc2 Kf8 35. Bc7 axb3+ 36.
axb3 Nd7 37. b4 Ke8 38. Kb3 Nf6 39. Ka4 Kd7 40. Be5 Ne8 41. Kb5 Kc8 42. Kc6 f6 43.
Bg3 g5 44. hxg5 fxg5 45. b5 h4 46. Be5 1-0

[Event "*** Titled Tuesday Blitz"]
[Site "Chess.com"]
[Date "2021.03.02"]
[Round "9"]
[White "RamyresCoelho"]
[Black "TeukkaSalama"]
[Result "0-1"]
[WhiteElo "2083"]
[BlackElo "2386"]
[TimeControl "180+1"]
[EndTime "11:46:34 PST"]
[Termination "TeukkaSalama won by checkmate"]

1. e4 e6 2. d4 d5 3. Nc3 Bb4 4. e5 c5 5. a3 Bxc3+ 6. bxc3 Qa5 7. Bd2 Qa4 8. Qb1 c4 9. Nf3 Ne7 10. Be2 Nbc6 11. O-O Bd7 12. Rc1 O-O-O 13. Qb2 Kb8 14.
Rcb1 Bc8 15. Ng5 Rdf8 16. f4 Ka8 17. h3 h6 18. Nf3 f6 19. Kh2 b6 20. Bd1 fxe5 21.
Nxe5 Nxe5 22. dxe5 g5 23. fxg5 hxg5 24. Bxg5 Nf5 25.
Bf3 Bb7 26. Qc1 Qe8 27. a4 Rfg8 28. a5 b5 29. Bf4 a6 30. Qg1 Nh4 31. Qb6 Qg6 32.
Rxb5 Nxf3+ 33. gxf3 Qg2# 0-1

[Event "*** Titled Tuesday Blitz"]
[Site "Chess.com"]
[Date "2021.03.02"]
[Round "9"]
[White "Grineva_Marianna"]
[Black "Xeniya2005"]
[Result "1-0"]
[WhiteElo "2249"]
[BlackElo "2340"]
[TimeControl "180+1"]
[EndTime "11:46:35 PST"]
[Termination "Grineva_Marianna won by resignation"]

1. e4 e6 2. d4 d5 3. Nd2 c5 4.
Ngf3 cxd4 5. exd5 Qxd5 6. Bc4 Qd6 7. O-O Nf6 8. Nb3 Nc6 9. Nbxd4 Nxd4 10. Nxd4 Be7 11.
c3 O-O 12. Qe2 a6 13. Rd1 Qc7 14. Bb3 b5 15. Qf3 Bb7 16. Qh3 Rad8 17. Bg5 Nd5 18. Nxe6 fxe6 19. Qxe6+ Kh8 20. Rxd5 Bxd5 21. Qxe7 Qc6 22.
Bxd5 Qxd5 23. Re1 h6 24. Be3 Rde8 25. Qa7 Qe6 26. h3 Qg6 27. Qd4 Re4 28. Qc5 Rfe8 29. Rd1 R4e7 30. Rd6 Qe4 31. Rxa6 Rd7 32. Rd6 Red8 33. Rxd7 Rxd7 34. Qc8+ 1-0

[Event "*** Titled Tuesday Blitz"]
[Site "Chess.com"]
[Date "2021.03.02"]
[Round "9"]
[White "Kozok"]
[Black "Cuajada_Zero"]
[Result "1-0"]
[WhiteElo "2458"]
[BlackElo "2286"]
[TimeControl "180+1"]
[EndTime "11:46:37 PST"]
[Termination "Kozok won by resignation"]

1. e4 c6 2. d4 d5 3. e5 Bf5 4.
Nf3 e6 5. Be2 Nd7 6. O-O Ne7 7.
Re1 h6 8. a4 Bh7 9. a5 Nf5 10. c3 Be7 11. b4 O-O 12. Bd2 b6 13. a6 c5 14. Na3 Nb8 15. Qa4 c4 16. g4 Nh4 17. Nxh4 Bxh4 18. Rf1 f5 19. f4 Qe7 20. Nb5 fxg4 21. Bxg4 Bd3 22. Rf3 Be4 23. Rh3 g5 24. Nd6 gxf4 25. Nxe4 dxe4 26. Qc2 Qg7 27. Rxh4 e3 28. Be1 Nc6 29. Qe4 Ne7 30. Kh1 Nd5 31.
Bxe6+ 1-0

[Event "*** Titled Tuesday Blitz"]
[Site "Chess.com"]
[Date "2021.03.02"]
[Round "9"]
[White "bylavochka"]
[Black "PavelShkapenko"]
[Result "0-1"]
[WhiteElo "2210"]
[BlackElo "2661"]
[TimeControl "180+1"]
[EndTime "11:46:40 PST"]
[Termination "PavelShkapenko won on time"]

1. e4 c5 2. Nf3 e6 3. d4 cxd4 4. Nxd4 Nf6 5. Nc3 Nc6 6. Be3 Bb4 7. Bd3 d5 8. exd5 Nxd5 9. Nxc6 bxc6 10. Bd2 Nxc3 11.
bxc3 Bd6 12. O-O O-O 13. Qh5 f5 14. Rfe1 e5 15. Bc4+ Kh8 16. Rad1 Qc7 17. Bg5 e4 18. Re3 f4 19. Rxe4 Bf5 20. Ree1 Bg6 21. Qh4 Rae8 22.
Rxe8 Rxe8 23. Bd3 Bxd3 24. cxd3 Qf7 25. g3 f3 26. Be3 Qxa2 27. Qh5 Rxe3 28. Qg5 Re8 0-1

[Event "*** Titled Tuesday Blitz"]
[Site "Chess.com"]
[Date "2021.03.02"]
[Round "9"]
[White "Skat2704"]
[Black "j_coca"]
[Result "1-0"]
[WhiteElo "2580"]
[BlackElo "2358"]
[TimeControl "180+1"]
[EndTime "11:46:44 PST"]
[Termination "Skat2704 won by resignation"]

1. d4 f5 2. c4 Nf6 3. g3 g6 4. Bg2 Bg7 5. Nc3 d6 6. d5 O-O 7. Nh3 e5 8. dxe6 c6 9. Ng5 Qe7 10. Bf4 Ne8 11. O-O Bxe6 12. Nxe6 Qxe6 13. e4 fxe4 14.
Nxe4 Qxc4 15. Nxd6 Nxd6 16. Qxd6 Na6 17. b3 Qb4 18.
Rad1 Qxd6 19. Rxd6 Rf7 20. Rfd1 Bf8 21. Rd8 Rxd8 22.
Rxd8 Nc7 23. Rb8 Ne6 24. Bh6 Ng7 25. Bh3 Re7 26. Bg5 Rc7 27. Bf4 Rf7 28. Kg2 Nf5 29. Bxf5 gxf5 30. Bh6 b6 31. Ra8 a5 32. Kf3 Rf6 33. Bxf8 Rxf8 34. Rxf8+ Kxf8 35. Kf4 Ke7 36. Kxf5 Kd6 37. Ke4 Kc5 38. f4 Kb4 39. f5 Ka3 40. f6 Kxa2 41. f7 Kxb3 42. f8=Q b5 43. Qf7+ Kb4 44. Qxh7 c5 45. Kd3 c4+ 46. Kc2 Ka3 47.
Qe7+ b4 48. Qc5 a4 49. Qxc4 b3+ 50.
Qxb3+ axb3+ 51. Kb1 Kb4 52. h4 Kc4 53. h5 Kd5 54. h6 Ke6 55. h7 Kf7 56. h8=Q 1-0

[Event "*** Titled Tuesday Blitz"]
[Site "Chess.com"]
[Date "2021.03.02"]
[Round "9"]
[White "chesslh19"]
[Black "tgpgoat"]
[Result "0-1"]
[WhiteElo "2230"]
[BlackElo "2117"]
[TimeControl "180+1"]
[EndTime "11:46:44 PST"]
[Termination "tgpgoat won by resignation"]

1. e4 c5 2. Nf3 Nc6 3. d4 cxd4 4. Nxd4 e5 5. Nb5 d6 6. N1c3 a6 7. Na3 b5 8. Nd5 Nf6 9. Bg5 Be7 10. Bxf6 Bxf6 11. c3 Bg5 12. Nc2 O-O 13. a4 bxa4 14.
Rxa4 f5 15. Bc4 Kh8 16. exf5 Rxf5 17. O-O Rf8 18. Nce3 Ne7 19. Nxe7 Bxe7 20. Nd5 Bb7 21. b3 Bf6 22. Qd3 a5 23. Ra2 e4 24. Qxe4 Bxc3 25. Qd3 Be5 26. Rd2 a4 27. bxa4 Rxa4 28. Ne3 Qg5 29. Qb3 Bxg2 30. Nxg2 Rxc4 31. Qxc4 Qxd2 32.
Qg4 Bd4 33. Ne3 Bxe3 34. fxe3 Qxe3+ 35. Kg2 Qe7 36. Rxf8+ Qxf8 37. Qe6 g6 38. Qd5 Kg7 39.
Qb7+ Qf7 40. Qd5 Qxd5+ 0-1

[Event "*** Titled Tuesday Blitz"]
[Site "Chess.com"]
[Date "2021.03.02"]
[Round "9"]
[White "canary2016"]
[Black "Kaliopa"]
[Result "1-0"]
[WhiteElo "1994"]
[BlackElo "2221"]
[TimeControl "180+1"]
[EndTime "11:46:45 PST"]
[Termination "canary2016 won on time"]

1. d4 Nf6 2. c4 c5 3. d5 e6 4. Nc3 exd5 5. cxd5 d6 6. Nf3 g6 7. Bf4 Bg7 8. e3 O-O 9. Bc4 a6 10. a4 Re8 11. O-O Nbd7 12. h3 Nb6 13. Be2 Ne4 14.
Nxe4 Rxe4 15. a5 Nc4 16. Bxc4 Rxc4 17. Ra2 Bf5 18. Nd2 Rb4 19. b3 Qf6 20. Nc4 Rd8 21.
Bg3 Be4 22. f3 Bf5 23. e4 Bc8 24. Bf2 Qc3 25. Qc2 Qxc2 26. Rxc2 Rxb3 27. Nb6 Bd7 28. Bg3 Bb5 29. Rfc1 Bd4+ 30. Kh2 Ra3 31. Be1 Be3 32. Rb1 Bf4+ 33. g3 Be5 34. Rd1 Ba4 35. Nxa4 Rxa4 36. Re2 Rxa5 37. Bxa5 Rd7 38. f4 Bd4 39. Rb1 b5 40. Ra2 b4 41. Bb6 Re7 42.
Re1 b3 43. Rxa6 Rb7 44. e5 1-0

[Event "*** Titled Tuesday Blitz"]
[Site "Chess.com"]
[Date "2021.03.02"]
[Round "9"]
[White "Alexandercs432"]
[Black "jordanasoul"]
[Result "0-1"]
[WhiteElo "2158"]
[BlackElo "2153"]
[TimeControl "180+1"]
[EndTime "11:46:46 PST"]
[Termination "jordanasoul won on time"]

1. e4 c5 2. Nf3 Nc6 3. d4 cxd4 4. Nxd4 e5 5. Nb5 d6 6. N1c3 a6 7. Na3 b5 8. Nd5 Nge7 9. c4 Nxd5 10. exd5 Nd4 11. cxb5 g6 12. Be2 Bg7 13. O-O O-O 14.
bxa6 Nxe2+ 15. Qxe2 Bxa6 16. Nc4 Rc8 17. b3 Qh4 18.
Ba3 Rxc4 19. bxc4 Bxc4 20. Qc2 Bxf1 21. Rxf1 Rd8 22. g3 Qf6 23. Rb1 h5 24. h4 Ra8 25.
Rb3 e4 26. Kg2 Qd4 27. Bb2 Qxd5 28. Bxg7 Kxg7 29. Qb2+ Kh7 0-1

[Event "*** Titled Tuesday Blitz"]
[Site "Chess.com"]
[Date "2021.03.02"]
[Round "9"]
[White "superchess02"]
[Black "ukchessbomber"]
[Result "1-0"]
[WhiteElo "2777"]
[BlackElo "2546"]
[TimeControl "180+1"]
[EndTime "11:46:51 PST"]
[Termination "superchess02 won by checkmate"]

1. e4 e5 2. Nf3 Nc6 3. Bc4 Nf6 4. O-O Nxe4 5. Re1 d5 6. Bb5 Bc5 7. d4 exd4 8. b4 Bxb4 9. c3 dxc3 10. Qa4 O-O 11.
Bxc6 Bc5 12. Rxe4 dxe4 13. Bxe4 Qf6 14. Qc2 Bb4 15. Bg5 Qd6 16. Nxc3 h6 17. Be3 a6 18. Nd5 Be6 19. Nxb4 Qxb4 20. Bc5 Qb5 21. Bxf8 Rxf8 22.
Rb1 Qa5 23. Rxb7 c5 24. Rb2 c4 25. Rb1 Rc8 26. Nd4 Bd7 27. h3 Qe5 28. Nf3 Qa5 29. Rb7 Ba4 30. Qc1 Re8 31. Qf4 f5 32.
Qxf5 Qxf5 33. Bxf5 Bc6 34. Rc7 Bd5 35. Bg6 Rd8 36. Ne5 Kf8 37. Nxc4 Rb8 38. Nd6 Bxa2 39. Ra7 a5 40. Rxa5 Be6 41. Ra7 Rb1+ 42. Kh2 Rb8 43. Nf5 Bxf5 44. Rf7+ Kg8 45. Rxf5 Rb6 46. Bf7+ Kh7 47. h4 Rb8 48. h5 Rh8 49. Bg6+ Kg8 50. Re5 Kf8 51. Re8# 1-0

[Event "*** Titled Tuesday Blitz"]
[Site "Chess.com"]
[Date "2021.03.02"]
[Round "9"]
[White "FMLorneTwitch"]
[Black "arminmusovic"]
[Result "0-1"]
[WhiteElo "2381"]
[BlackElo "2543"]
[TimeControl "180+1"]
[EndTime "11:46:52 PST"]
[Termination "arminmusovic won on time"]

1. d4 d5 2. c4 c5 3. Nc3 cxd4 4. Qxd4 Nc6 5. Qxd5 Be6 6. Qb5 a6 7. Qa4 Nf6 8. Nf3 g6 9. Bf4 Bg7 10. e3 O-O 11.
Be2 Nd7 12. Qc2 Nb6 13. Rd1 Qc8 14. Qb3 Nd7 15. O-O Rd8 16. Nd5 Bf8 17. Nc7 Nc5 18.
Qb6 Rxd1 19. Rxd1 Na4 20. Qb3 Nc5 21. Qa3 b6 22. b4 Ne4 23. Nd4 Bd7 24. Bf3 e5 25.
Nxc6 Bxc6 26. Bxe5 Ra7 27. Nd5 Ng5 28. e4 Bxd5 29. exd5 a5 30. d6 Qxc4 31. Bd5 Qe2 32. Qd3 Qxe5 33. bxa5 Bxd6 34. g3 Rxa5 35. f4 Bc5+ 0-1

[Event "*** Titled Tuesday Blitz"]
[Site "Chess.com"]
[Date "2021.03.02"]
[Round "9"]
[White "iturrizaga"]
[Black "Gurvich_Vitaly"]
[Result "1-0"]
[WhiteElo "2848"]
[BlackElo "2609"]
[TimeControl "180+1"]
[EndTime "11:46:55 PST"]
[Termination "iturrizaga won by checkmate"]

1. c4 Nf6 2. g3 e5 3. Bg2 Bc5 4. Nf3 d6 5. O-O O-O 6. d4 exd4 7. Nxd4 h6 8. Nc3 a6 9. b3 Nbd7 10. Bb2 Re8 11. Qd2 Ne5 12. Rad1 Rb8 13. h3 Qe7 14. Kh1 Bd7 15. e3 Nc6 16. Nde2 b5 17. cxb5 axb5 18. Nf4 b4 19. Ncd5 Nxd5 20. Nxd5 Qf8 21. Nxc7 Red8 22.
Nd5 Ra8 23. Ba1 Ra7 24. Rc1 Rda8 25. Rc2 Qc8 26. Kh2 Qd8 27. Rfc1 Ra5 28. Nf4 R8a7 29. Bxc6 Bxc6 30. Rxc5 Rxa2 31. R5c2 Rxc2 32. Rxc2 Rxa1 33.
Rxc6 Qa8 34. Rc1 Ra2 35. Rc2 Ra1 36. Qd5 Qd8 37. Rd2 g5 38. Nh5 Qe7 39. Qd4 Re1 40.
Qg7# 1-0

[Event "*** Titled Tuesday Blitz"]
[Site "Chess.com"]
[Date "2021.03.02"]
[Round "9"]
[White "Niktlt"]
[Black "manipun1"]
[Result "1-0"]
[WhiteElo "2400"]
[BlackElo "2244"]
[TimeControl "180+1"]
[EndTime "11:46:56 PST"]
[Termination "Niktlt won on time"]

1. c4 f5 2. Nc3 Nf6 3. g3 g6 4. Bg2 Bg7 5. d4 d6 6. Nf3 O-O 7. O-O c6 8. d5 e5 9. dxe6 Bxe6 10. b3 Qe7 11. Bb2 Na6 12. e3 Rad8 13. Qc2 Nc5 14. Nd4 Bc8 15. Rad1 Ng4 16. b4 Ne6 17. Nf3 Ne5 18. Nxe5 dxe5 19. Qb3 e4 20. h4 Rxd1 21. Rxd1 Rd8 22. Rxd8+ Nxd8 23. Bf1 Be6 24. Qa4 a6 25. Qa5 Nf7 26. Nd1 Qd7 27. Bxg7 Kxg7 28. Nc3 Qd2 29.
Na4 Qc1 30. Kg2 Bxc4 31. Bxc4 Qxc4 32. Nc5 Qe2 33. Ne6+ Kf6 34. Nd4 Qc4 35. Qb6 Qxa2 36. Qxb7 Qc4 37. Nxc6 Qd5 38. Qxa6 Kg7 39. b5 Nd6 40.
Nd4 1-0

[Event "*** Titled Tuesday Blitz"]
[Site "Chess.com"]
[Date "2021.03.02"]
[Round "9"]
[White "esapunov"]
[Black "wonderfultime"]
[Result "0-1"]
[WhiteElo "2712"]
[BlackElo "2918"]
[TimeControl "180+1"]
[EndTime "11:46:58 PST"]
[Termination "wonderfultime won by resignation"]

1. c4 c6 2. Nf3 d5 3. b3 Nf6 4. Bb2 Bg4 5. e3 e6 6. h3 Bh5 7. Nc3 Nbd7 8. g4 Bg6 9. Nh4 Bd6 10. Nxg6 hxg6 11. d4 Qe7 12. Bg2 g5 13. Qc2 Rd8 14. O-O-O Ba3 15. f4 gxf4 16. exf4 dxc4 17. bxc4 Qb4 18.
Qb3 Bxb2+ 19. Kxb2 Qb6 20. f5 exf5 21. Rhe1+ Kf8 22.
gxf5 Rh4 23. d5 Rxc4 24. dxc6 Rb4 25. cxd7 Rxb3+ 26. axb3 Rxd7 27. Rxd7 Nxd7 28. Re2 Nc5 29. Bd5 Nd3+ 30. Kb1 Qg1+ 31. Kc2 Nb4+ 32. Kb2 Qd4 33. Bxb7 Qd3 34. Be4 Qxh3 35. Rd2 Qe3 36. Rd7 Qf2+ 37.
Ka3 Qc5 38. Kb2 a5 39. Rd2 Qe5 40. Rg2 Qd4 41. Rh2 Na6 42. Re2 Nc5 43. Bc6 Nd3+ 44. Kc2 Nb4+ 45. Kb2 Nxc6 0-1

[Event "*** Titled Tuesday Blitz"]
[Site "Chess.com"]
[Date "2021.03.02"]
[Round "9"]
[White "bratkoo"]
[Black "Gloomy_Wanderer"]
[Result "1-0"]
[WhiteElo "2531"]
[BlackElo "2677"]
[TimeControl "180+1"]
[EndTime "11:46:58 PST"]
[Termination "bratkoo won on time"]

1. e4 c5 2. Nf3 a6 3. Nc3 e6 4. d4 b5 5. d5 d6 6. a4 b4 7. Ne2 exd5 8. exd5 Be7 9. Ng3 Nf6 10.
Bc4 O-O 11. O-O Bg4 12. h3 Bxf3 13. Qxf3 Nbd7 14. Bf4 Nb6 15. b3 g6 16. Rfe1 Nfd7 17. Ne4 Qc7 18. Qg3 Nc8 19. a5 Nf6 20. Bg5 Qd8 21.
Nxf6+ Bxf6 22. Bxf6 Qxf6 23. Qd3 Ne7 24. Bxa6 Nxd5 25. Bb7 Nf4 26. Qf3 Rae8 27. a6 Ne2+ 28. Kh1 Qb2 29. a7 1-0

[Event "*** Titled Tuesday Blitz"]
[Site "Chess.com"]
[Date "2021.03.02"]
[Round "9"]
[White "cstevens1"]
[Black "Problematique_99"]
[Result "1-0"]
[WhiteElo "2630"]
[BlackElo "2457"]
[TimeControl "180+1"]
[EndTime "11:46:59 PST"]
[Termination "cstevens1 won by checkmate"]

1. e4 c5 2. Nf3 Nc6 3. Nc3 g6 4.
Bb5 Bg7 5. Bxc6 bxc6 6. d3 d6 7. Be3 Nf6 8. h3 O-O 9. Qd2 Rb8 10. Rb1 Nd7 11. Bh6 e5 12. O-O Bxh6 13. Qxh6 Qf6 14.
Nh2 Qg7 15. Qd2 f5 16. exf5 gxf5 17. f4 Kh8 18. fxe5 Nxe5 19. Kh1 Be6 20. b3 Rg8 21. Rf2 Rb4 22. Rbf1 Rh4 23. Nf3 Nxf3 24. Rxf3 f4 25. Rxf4 Rxf4 26. Rxf4 Bxh3 27. Rf2 Qg3 28. Ne4 Qh4 29.
Qc3+ Rg7 30. Rf8# 1-0

[Event "*** Titled Tuesday Blitz"]
[Site "Chess.com"]
[Date "2021.03.02"]
[Round "9"]
[White "j2806"]
[Black "Gerryisplaying"]
[Result "0-1"]
[WhiteElo "2078"]
[BlackElo "2234"]
[TimeControl "180+1"]
[EndTime "11:46:59 PST"]
[Termination "Gerryisplaying won by resignation"]

1. e4 d5 2. exd5 Qxd5 3. d4 Nc6 4. Nf3 Bg4 5. Be2 O-O-O 6. c3 e5 7. dxe5 Qxd1+ 8.
Bxd1 Nxe5 9. Nbd2 Nd3+ 10. Kf1 Nf6 11. h3 Bh5 12. g4 Bg6 13. Kg2 Bc5 14. Nb3 Bxf2 15.
Be2 Bb6 16. Bxd3 Rxd3 17. Nbd4 Bxd4 18. cxd4 Be4 19. Rf1 Rd8 20. Kg3 R8xd4 21. Bg5 Nd7 22. Rae1 Ne5 23. Be3 Nxf3 24. Bxd4 Nxe1+ 25. Kf4 Rxd4 26. Rxe1 Bc6+ 27. Kg3 Rd3+ 28. Kh4 f6 29. Re7 Bg2 30. g5 Rxh3+ 31. Kg4 fxg5 32. Kxg5 Bc6 33. Kg4 Rh1 34.
Kf4 Rf1+ 35. Kg3 Rg1+ 36. Kh2 Rg2+ 37. Kh3 h5 38. Rxg7 Rxg7 39. Kh4 Rg2 0-1

[Event "*** Titled Tuesday Blitz"]
[Site "Chess.com"]
[Date "2021.03.02"]
[Round "9"]
[White "seorobert1971"]
[Black "AlexTriapishko"]
[Result "1-0"]
[WhiteElo "2672"]
[BlackElo "2783"]
[TimeControl "180+1"]
[EndTime "11:47:03 PST"]
[Termination "seorobert1971 won on time"]

1. e4 e5 2. Nc3 Nc6 3. Nf3 Nf6 4. g3 Nxe4 5. Nxe4 d5 6. Nc3 d4 7. Bg2 dxc3 8. bxc3 Bc5 9. O-O O-O 10. d3 Re8 11.
Nd2 Bf5 12. Rb1 Bb6 13. Nc4 Qd7 14. Re1 Rad8 15. a4 Bg4 16. Bf3 Bxf3 17. Qxf3 Qd5 18. Qxd5 Rxd5 19. Rb5 Rc5 20. Be3 Rxb5 21. axb5 Na5 22.
Bxb6 Nxc4 23. Bxc7 Na3 24. Rxe5 Rxe5 25. Bxe5 Nxb5 26. c4 Na3 27. c3 f6 28. Bd4 a5 29.
Kf1 a4 30. Ke2 Nb1 31. Kd1 a3 32. Kc2 Nd2 33. Be3 Nf3 34. h4 Ne1+ 35. Kb3 Nxd3 36. Kxa3 Kf7 37. Ka4 Ke6 38. Kb5 Kd7 39. Kb6 Kc8 40.
c5 Ne5 41. Bd4 Nd7+ 42. Kb5 Nb8 43. h5 h6 44. Be3 Kd7 45. Bf4 Nc6 46. Kb6 Kc8 47.
Bd6 Nd8 48. f4 Nc6 49. Bf8 1-0

[Event "*** Titled Tuesday Blitz"]
[Site "Chess.com"]
[Date "2021.03.02"]
[Round "9"]
[White "Lagmantr"]
[Black "wadsy27"]
[Result "0-1"]
[WhiteElo "2726"]
[BlackElo "2553"]
[TimeControl "180+1"]
[EndTime "11:47:03 PST"]
[Termination "wadsy27 won on time"]

1. g3 d5 2. Bg2 Nf6 3. b3 c6 4. Bb2 Bf5 5. e3 e6 6. d3 h6 7. Nd2 a5 8. a3 Be7 9. Ne2 Bh7 10. O-O O-O 11. h3 Nbd7 12. Kh2 b5 13. a4 Qb6 14. f4 bxa4 15. Rxa4 Nc5 16. Ra1 a4 17. Bd4 axb3 18.
Rxa8 Rxa8 19. Nxb3 Qb5 20. Nxc5 Bxc5 21. Bxf6 gxf6 22.
Nd4 Bxd4 23. exd4 Qb4 24. Qg4+ Bg6 25. f5 exf5 26. Rxf5 Ra2 27. Rxf6 Rxc2 28. Rxg6+ fxg6 29. Qxg6+ Kf8 30. Qxh6+ Ke8 31. Qe3+ Kd7 32. h4 Qd2 33. Qf3 Qf2 34. Qxf2 Rxf2 35. g4 Rf4 36. h5 Ke7 37. Kg3 Rxd4 38. Bf1 c5 39. g5 c4 40. h6 Kf7 41.
Kf2 c3 42. Ke3 Rg4 43. Bh3 d4+ 44. Kf3 Rxg5 45. Ke2 Rh5 46. Bg2 Rh2 47. Kf3 Rxg2 48. h7 Kg7 49. h8=Q+ Kxh8 50. Kxg2 c2 0-1

[Event "*** Titled Tuesday Blitz"]
[Site "Chess.com"]
[Date "2021.03.02"]
[Round "9"]
[White "AldokhinIvan"]
[Black "Schachspielerr"]
[Result "1-0"]
[WhiteElo "2538"]
[BlackElo "2672"]
[TimeControl "180+1"]
[EndTime "11:47:04 PST"]
[Termination "AldokhinIvan won by checkmate"]

1. e4 c6 2. Nc3 d5 3. d4 a6 4.
f3 g6 5. Be3 Bg7 6. Qd2 b5 7.
O-O-O Be6 8. Nge2 Nd7 9. Nf4 Nb6 10. Nxe6 fxe6 11. Qe1 Nf6 12. e5 Nfd7 13. h4 Nc4 14. h5 Qa5 15. Bd2 Nxd2 16. Qxd2 c5 17. h6 Bf8 18. dxc5 Nxc5 19. Kb1 O-O-O 20. Rh4 Qc7 21. Bxb5 Qxe5 22. Bf1 g5 23. Rb4 Bxh6 24. Na4 Nxa4 25. Bxa6+ Kc7 26. Rxa4 Rb8 27. Qa5+ Rb6 28. Qc5+ Rc6 29.
Qxe7+ Kb6 30. Qb7+ Kc5 31. Qb4# 1-0

[Event "*** Titled Tuesday Blitz"]
[Site "Chess.com"]
[Date "2021.03.02"]
[Round "9"]
[White "Abund"]
[Black "Diamantidis_13"]
[Result "1-0"]
[WhiteElo "2652"]
[BlackElo "2428"]
[TimeControl "180+1"]
[EndTime "11:47:04 PST"]
[Termination "Abund won by resignation"]

1. e4 c5 2. Nf3 Nc6 3. Bb5 Nf6 4.
Nc3 a6 5. Bxc6 dxc6 6. e5 Nd5 7.
Ne4 b6 8. h3 g6 9. d3 Bg7 10. Qe2 Nc7 11. Nf6+ Kf8 12. Ne4 Ne6 13. O-O Nd4 14. Nxd4 Qxd4 15. Bf4 Bxe5 16. c3 Qd5 17.
Bh6+ Bg7 18. Qe3 Qh5 19. Bf4 e5 20. Bh2 f5 21. Ng3 Qh4 22. f4 exf4 23. Rxf4 Qe7 24. Qf2 Kg8 25. Re1 Qf7 26. Ne4 Be6 27. Ng5 Bxa2 28.
Nxf7 Bxf7 29. Rf3 Bf6 30. Be5 Kg7 31. Qh4 Bxe5 32. Rxe5 Rhd8 33. Re7 1-0

[Event "*** Titled Tuesday Blitz"]
[Site "Chess.com"]
[Date "2021.03.02"]
[Round "9"]
[White "Vugar_Manafov"]
[Black "jerry_77"]
[Result "1-0"]
[WhiteElo "2643"]
[BlackElo "2484"]
[TimeControl "180+1"]
[EndTime "11:47:05 PST"]
[Termination "Vugar_Manafov won by resignation"]

1. Nf3 Nf6 2. g3 e6 3. Bg2 d5 4. O-O c5 5. d3 Nc6 6. Nc3 Qc7 7. e4 dxe4 8. dxe4 a6 9. Bf4 e5 10. Bg5 Be6 11. Bxf6 gxf6 12. Nd5 Bxd5 13. exd5 Nd4 14. c3 Nxf3+ 15. Qxf3 Qd6 16. Qf5 Be7 17. Be4 h5 18. h4 b6 19. a4 a5 20. c4 Kf8 21. Bf3 Kg7 22. Bxh5 Rag8 23. Rae1 Kf8 24. Re4 Ke8 25. Rg4 Kf8 26. Re1 Qd8 27. b3 Rxg4 28.
Bxg4 Bd6 29. Re4 Ke7 30. Bh3 Kf8 31. Rg4 Rg8 32. Qh7 Rxg4 33. Bxg4 Ke7 34. Be6 Qf8 35. h5 Ke8 36. h6 e4 37. Qxe4 Qxh6 38. Bxf7+ Kxf7 39.
Qe6+ Kg7 40. Qxd6 Qc1+ 41. Kg2 Qc2 42. Qd7+ Kg6 43. Qe8+ Kg7 44. d6 1-0

[Event "*** Titled Tuesday Blitz"]
[Site "Chess.com"]
[Date "2021.03.02"]
[Round "9"]
[White "1977Ivan"]
[Black "Grandelicious"]
[Result "1-0"]
[WhiteElo "2801"]
[BlackElo "2857"]
[TimeControl "180+1"]
[EndTime "11:47:06 PST"]
[Termination "1977Ivan won by resignation"]

1. e4 c6 2. d4 d5 3. e5 c5 4. c3 cxd4 5. cxd4 Nc6 6. Ne2 Bg4 7. Nbc3 e6 8. f3 Bf5 9. Be3 Nge7 10. Qd2 Bg6 11.
Nf4 Nf5 12. Bf2 Be7 13. g3 Bg5 14. h4 Bxf4 15. Qxf4 h5 16. Bb5 Qb6 17. g4 Ne7 18. O-O a6 19. Bxc6+ Nxc6 20. Na4 Qb5 21. b3 hxg4 22.
fxg4 Qd3 23. Rfe1 Be4 24. Nc5 Qf3 25. Qxf3 Bxf3 26. Nxb7 Bxg4 27. Rac1 Ne7 28. Rc7 g5 29. Nd6+ Kf8 30. Be3 gxh4 31. Rf1 Bh5 32. Kh2 Rg8 33. Bh6+ Rg7 34. Rg1 Ng6 35. Rxf7+ 1-0